 Dungeon Crawl Stone Soup version 0.17.1-3-g152610e (webtiles) character file.

74159 nikopol the Impaler (level 15, 0/143 HPs)
             Began as a Minotaur Berserker on Apr 19, 2016.
             Was the Champion of Trog.
             Slain by a Brimstone Fiend (4 damage)
             ... summoned by a lich
             ... on level 1 of the Abyss.
             The game lasted 01:42:37 (23895 turns).

nikopol the Impaler (Minotaur Berserker)           Turns: 23895, Time: 01:42:37

Health: 0/143      AC: 27    Str: 24    XL:     15   Next: 6%
Magic:  14/14      EV:  2    Int: 12    God:    Trog [******]
Gold:   1044       SH:  0    Dex: 14    Spells: 0 memorised, 14 levels left

rFire  x . .     SeeInvis .     d - +4 halberd "With Two Names" {chop, rElec rF- Int+4 Stlth-}
rCold  . . .     Clarity  +     Y - +4 plate armour {rPois}
rNeg   + + +     SustAt   .     (shield currently unavailable)
rPois  ∞         Gourm    .     b - +2 hat
rElec  +         Spirit   .     (no cloak)
rCorr  .         Warding  .     o - +1 pair of gloves
rMut   .         Stasis   .     E - +0 pair of boots
MR     +....                    u - amulet "Athefom" {Clar +Inv rN+}
Stlth  ..........               j - ring of stealth
                                Q - +4 ring of intelligence

@: exhausted, petrified, slowed, drained, somewhat resistant to hostile
enchantments, extremely unstealthy
A: retaliatory headbutt, horns 2
a: Berserk, Trog's Hand, Brothers in Arms, Burn Spellbooks, Renounce Religion,
Evoke Invisibility


You were on level 1 of the Abyss.
You worshipped Trog.
Trog was exalted by your worship.
You were hungry.

You visited 2 branches of the dungeon, and saw 18 of its levels.
You visited the Abyss 1 time.
You also visited: Sewer and Ice Cave.

You collected 1044 gold pieces.

Inventory:

Hand Weapons
 d - the +4 halberd "With Two Names" (weapon) {chop, rElec rF- Int+4 Stlth-}
   (Trog gifted it to you on level 4 of the Lair of Beasts)

   It inflicts extra damage upon your enemies.
   It affects your intelligence (+4).
   It makes you vulnerable to fire.
   It insulates you from electricity.
   It makes you less stealthy.
 v - a +2 demon trident of electrocution
 K - a +1 bardiche of chopping
Missiles
 a - a poisoned tomahawk (quivered)
 N - a poisoned javelin
 X - a tomahawk
Armour
 b - a +2 hat (worn)
 o - a +1 pair of gloves (worn)
 p - a +0 pair of gloves of cold resistance
 E - a +0 pair of boots (worn)
 H - a +0 fire dragon armour
 Y - a +4 plate armour of poison resistance (worn)
Rods
 t - a +0 rod of shadows (15/15)
   (You found it on level 3 of the Dungeon)
Jewellery
 j - a ring of stealth (right hand)
 u - the amulet "Athefom" (around neck) {Clar +Inv rN+}
   (You found it on level 7 of the Lair of Beasts)

   [amulet of clarity]

   It provides mental clarity.
   It protects you from negative energy.
   It lets you turn invisible.
 Q - a +4 ring of intelligence (left hand)
 R - an uncursed amulet of resist corrosion
 S - an uncursed ring of flight
Wands
 J - a wand of lightning (7)
 M - a wand of teleportation (6)
 T - a wand of digging (12)
 V - a wand of fire (4)
Scrolls
 l - 2 scrolls of blinking
 m - 3 scrolls of fear
 q - 12 scrolls of remove curse
 s - 4 scrolls of teleportation
 w - 2 scrolls of silence
 y - 2 scrolls of recharging
 D - 4 scrolls of enchant armour
 G - a scroll of enchant weapon
 W - 2 scrolls of magic mapping
 Z - a scroll of identify
Potions
 e - 4 potions of heal wounds
 f - 2 potions of flight
 g - a potion of beneficial mutation {unknown}
 h - 3 potions of might
 i - 12 potions of curing
 n - 3 potions of agility
 r - 3 potions of cure mutation
 x - 2 potions of magic {unknown}
 z - 4 potions of berserk rage
 B - 5 potions of brilliance
 I - a potion of resistance {unknown}
 O - 3 potions of haste
 U - 2 potions of lignification {unknown}
Comestibles
 c - 5 bread rations
 k - 10 slices of pizza
 F - 2 fruits
 P - 4 meat rations


   Skills:
 * Level 15.8(15.6) Fighting
 * Level 15.8(15.6) Polearms
 + Level 9.4(9.2) Throwing
 * Level 15.5(15.3) Armour
 + Level 11.3(11.1) Dodging


You had 14 spell levels left.
You didn't know any spells.

Dungeon Overview and Level Annotations

Branches:
Dungeon (10/15)            Temple (0/1) D:5            Lair (8/8) D:8
 Shoals (0/4) Lair:6       Spider (0/4) Lair:4        Slime (0/6) Lair:7
    Orc: D:9-12

Altars:
Ashenzari
Cheibriados
Makhleb
Nemelex Xobeh
Qazlal
Ru
Sif Muna
Vehumet
Xom
Yredelemnul
Zin
Jiyva

Annotations:
D:10 Sonja


Innate Abilities, Weirdness & Mutations

You reflexively headbutt those who attack you in melee.
You have a pair of horns on your head.


Message History

You slice the small abomination!!
You destroy the small abomination!
Something touches you but does no damage. x2
Your limbs are stiffening.
You hear some strange, mumbled words.
Something touches you.
* * * LOW HITPOINT WARNING * * *
You have turned to stone.
Something touches you.
* * * LOW HITPOINT WARNING * * *
The Brimstone Fiend hits you but does no damage. x3
Something touches you but does no damage.
The Brimstone Fiend hits you but does no damage. x2
The Brimstone Fiend hits you!
* * * LOW HITPOINT WARNING * * *
Something touches you but does no damage.
The Brimstone Fiend hits you.
* * * LOW HITPOINT WARNING * * *
The Brimstone Fiend hits you!
You die...

#. ...... .# .# .
.......# .. ... #.
..# #... ..# ....#
.... . ....... #
.# ## ... .....#
[#..# ..
.........###...# .
.. ... #...# # . .
. ......#1@# # . .
.........###.###.#
#. ..#... . .....
. # ##.....#
..###.# .... ..#
.#. .... ... ..
### .. {. .. .
..## ## .#.# . . #


You could see a Brimstone Fiend.

Vanquished Creatures
  A tentacled starspawn (Abyss:1)
  Snorg (Lair:5)
  The ghost of Tobisume the Cruncher, a journeyman DsGl of Qazlal (IceCv)
  An ice dragon (Lair:8)
  Harold (Lair:4)
  The ghost of DEFE the Nimble, a journeyman DEFi of Ru (Lair:1)
  6 hydras
  3 catoblepae (Lair:8)
  Erica (D:9)
  23 death yaks
  An obsidian statue (Lair:7)
  Pikel (D:4)
  An unseen horror (D:8)
  The ghost of Charly the Cleaver, a novice HOBe of Trog (D:8)
  2 griffons
  A hill giant (D:10)
  A manticore (D:10)
  9 elephants
  2 ice statues
  5 black mambas
  14 spiny frogs
  A hellion (Abyss:1)
  5 fire drakes
  2 polar bears (Lair:8)
  9 freezing wraiths (IceCv)
  9 komodo dragons
  A troll (D:7)
  Prince Ribbit (D:5)
  15 blink frogs
  A large abomination (Abyss:1)
  A wyvern (Lair:5)
  A redback (Lair:4)
  A spriggan (D:8)
  6 basilisks
  2 wolf spider simulacra (IceCv)
  49 yaks
  Eustachio (D:6)
  A neqoxec (Abyss:1)
  Menkaure (D:4)
  2 steam dragons (D:6)
  A death yak simulacrum (IceCv)
  11 wolves
  11 hippogriffs
  Duvessa (D:7)
  13 water moccasins
  5 ogres
  10 porcupines
  4 sky beasts
  A necrophage (D:7)
  3 orc warriors
  23 ice beasts
  2 black bears
  3 phantoms
  5 centaurs
  14 giant frogs
  12 crocodiles
  15 big kobolds
  A gnoll sergeant (D:7)
  The ghost of juanjsm the Stinger, an amateur SpVM (D:4)
  Dowan (D:7)
  3 scorpions
  8 wights
  3 electric eels
  3 giant frog zombies
  A small abomination (Abyss:1)
  2 draconian simulacra (IceCv)
  5 iguanas
  A centaur skeleton (D:9)
  7 orc wizards
  5 orc priests
  A centaur zombie (D:5)
  8 hounds
  6 jellies
  Jessica (D:3)
  11 worker ants
  2 spriggan simulacra (IceCv)
  8 troll simulacra (IceCv)
  A wolf simulacrum (IceCv)
  20 sheep
  A centaur simulacrum (IceCv)
  14 gnolls
  14 adders
  A worker ant zombie (D:10)
  15 river rats
  14 white imps
  4 naga simulacra (IceCv)
  2 ogre simulacra (IceCv)
  A shadow imp (D:5)
  3 oozes
  2 adder skeletons
  2 adder zombies
  2 worms
  6 giant geckos
  43 orcs
  12 bats
  7 giant cockroaches
  6 goblins
  4 hobgoblins
  11 jackals
  39 kobolds
  5 quokkas
  5 ball pythons
  4 giant newts
  A quokka skeleton (D:4)
  A quokka zombie (D:7)
  9 rats
  2 plants
649 creatures vanquished.

Vanquished Creatures (collateral kills)
  The ghost of nublet the Spear-Bearer, a journeyman CeWr of Okawaru (IceCv)
  A necromancer (IceCv)
  A freezing wraith (IceCv)
  A troll simulacrum (IceCv)
4 creatures vanquished.

Vanquished Creatures (others)
  A sky beast (D:10)
  2 slaves (D:4)
  A big kobold (D:4)
  A worker ant (D:4)
  A giant gecko (D:4)
  A giant cockroach (D:2)
  4 fungi
  A lurking horror (Abyss:1)
  10 plants
22 creatures vanquished.

Grand Total: 675 creatures vanquished

Notes
Turn   | Place    | Note
--------------------------------------------------------------
     0 | D:1      | nikopol the Minotaur Berserker began the quest for the Orb.
     0 | D:1      | Reached XP level 1. HP: 19/19 MP: 0/0
   323 | D:1      | Reached XP level 2. HP: 27/27 MP: 1/1
   463 | D:2      | Reached skill level 4 in Polearms
   528 | D:2      | Found a glowing silver altar of Zin.
   549 | D:2      | Found a sparkling altar of Nemelex Xobeh.
   669 | D:2      | Reached XP level 3. HP: 30/33 MP: 2/2
   931 | D:2      | Found a radiant altar of Vehumet.
   988 | D:3      | Found a glowing drain.
   997 | D:3      | Reached ** piety under Trog
  1013 | Sewer    | Entered a sewer
  1047 | Sewer    | Noticed a big kobold
  1058 | Sewer    | Killed a big kobold
  1058 | Sewer    | Reached XP level 4. HP: 33/41 MP: 3/3
  1119 | Sewer    | Noticed a big kobold
  1130 | Sewer    | Killed a big kobold
  1130 | Sewer    | Reached skill level 5 in Polearms
  1130 | Sewer    | Reached XP level 5. HP: 40/47 MP: 4/4
  1221 | Sewer    | Noticed a big kobold
  1251 | Sewer    | Killed a big kobold
  1251 | Sewer    | Reached skill level 5 in Fighting
  1288 | Sewer    | Reached XP level 6. HP: 47/56 MP: 5/5
  1469 | D:3      | Reached *** piety under Trog
  1501 | D:3      | Found a stormy altar of Qazlal.
  1503 | D:3      | Noticed Jessica
  1524 | D:3      | Killed Jessica
  2105 | D:4      | Noticed Pikel
  2130 | D:4      | Killed Pikel
  2130 | D:4      | Received a gift from Trog
  2130 | D:4      | Reached skill level 6 in Fighting
  2130 | D:4      | Reached skill level 5 in Armour
  2130 | D:4      | Reached skill level 5 in Dodging
  2130 | D:4      | Reached XP level 7. HP: 36/64 MP: 6/6
  2533 | D:4      | Reached XP level 8. HP: 68/71 MP: 7/7
  2697 | D:4      | Noticed Menkaure
  2711 | D:4      | Killed Menkaure
  2770 | D:4      | Reached skill level 7 in Polearms
  2880 | D:4      | Noticed juanjsm's ghost (amateur SpVM)
  2925 | D:4      | Killed juanjsm's ghost
  3016 | D:4      | Reached **** piety under Trog
  3225 | D:5      | Entered Level 5 of the Dungeon
  3302 | D:5      | Found a staircase to the Ecumenical Temple.
  3318 | D:5      | Found a sacrificial altar of Ru.
  3338 | D:5      | Reached skill level 1 in Throwing
  3559 | D:5      | Found a radiant altar of Vehumet.
  3634 | D:5      | Noticed Prince Ribbit
  3651 | D:5      | Killed Prince Ribbit
  3948 | D:5      | Reached skill level 8 in Polearms
  3948 | D:5      | Reached XP level 9. HP: 50/81 MP: 8/8
  4264 | D:5      | Found a burning altar of Makhleb.
  4336 | D:6      | Found a basalt altar of Yredelemnul.
  4371 | D:6      | Noticed Eustachio
  4382 | D:6      | Killed Eustachio
  5448 | D:6      | Reached skill level 9 in Polearms
  5460 | D:6      | Reached ***** piety under Trog
  5704 | D:7      | Found a shattered altar of Ashenzari.
  5876 | D:7      | Noticed Dowan
  5877 | D:7      | Noticed Duvessa
  5883 | D:7      | Killed Duvessa
  5883 | D:7      | Received a gift from Trog
  5894 | D:7      | Killed Dowan
  6122 | D:7      | Reached XP level 10. HP: 91/91 MP: 9/9
  6762 | D:8      | Noticed Charly's ghost (novice HOBe)
  7264 | D:8      | Killed an unseen horror
  7328 | D:8      | Killed Charly's ghost
  7328 | D:8      | Reached skill level 10 in Polearms
  7328 | D:8      | Reached skill level 10 in Armour
  7559 | D:8      | Reached skill level 10 in Fighting
  7660 | D:8      | Found a shimmering altar of Xom.
  7660 | D:8      | Found a snail-covered altar of Cheibriados.
  7774 | D:8      | Found a staircase to the Lair.
  7920 | D:9      | Found a deep blue altar of Sif Muna.
  7954 | D:9      | Noticed Erica
  7957 | D:9      | Received a gift from Trog
  7970 | D:9      | Killed Erica
  7974 | D:9      | Got a fine glaive {god gift}
  7983 | D:9      | Identified the +1 glaive "Zomi" {flame, rPois rN+ Str-4 Dex+3} (Trog gifted it to you on level 9 of the Dungeon)
  8128 | D:9      | Reached XP level 11. HP: 67/101 MP: 10/10
  8374 | D:9      | Reached skill level 5 in Throwing
  8849 | D:10     | Entered Level 10 of the Dungeon
  8868 | D:10     | Reached skill level 11 in Polearms
  9736 | D:10     | Noticed Sonja
  9782 | D:10     | HP: 4/101 [poisoned by something (curare-tipped needle)]
 10211 | Lair:1   | Entered Level 1 of the Lair of Beasts
 10830 | Lair:1   | Received a gift from Trog
 11574 | Lair:1   | Noticed DEFE's ghost (journeyman DEFi)
 11589 | Lair:1   | Killed DEFE's ghost
 11899 | Lair:1   | Reached skill level 12 in Polearms
 12189 | Lair:2   | Found a frozen archway.
 12199 | Lair:2   | Reached XP level 12. HP: 82/111 MP: 11/11
 12460 | IceCv    | Entered an ice cave
 12460 | IceCv    | Noticed Tobisume's ghost (journeyman DsGl)
 12478 | IceCv    | Killed Tobisume's ghost
 12683 | IceCv    | Noticed nublet's ghost (journeyman CeWr)
 12705 | IceCv    | Killed nublet's ghost
 13728 | IceCv    | Found an ancient bone altar of Kikubaaqudgha.
 13738 | IceCv    | Reached skill level 13 in Polearms
 14301 | Lair:2   | Received a gift from Trog
 14426 | Lair:2   | Noticed a five-headed hydra
 14433 | Lair:2   | Killed a nine-headed hydra
 14645 | Lair:2   | Noticed a four-headed hydra
 14655 | Lair:2   | Killed a nine-headed hydra
 14775 | Lair:3   | Got a steaming mace
 14780 | Lair:3   | Identified the +5 mace of the Sea {freeze, Str+3} (You found it on level 3 of the Lair of Beasts)
 15090 | Lair:3   | Reached XP level 13. HP: 111/122 MP: 12/12
 16278 | Lair:4   | Found a hole to the Spider Nest.
 16306 | Lair:4   | Received a gift from Trog
 16306 | Lair:4   | Reached skill level 10 in Dodging
 16337 | Lair:4   | HP: 4/184 [death yak (8)]
 16736 | Lair:4   | Noticed Harold
 16747 | Lair:4   | Killed Harold
 16747 | Lair:4   | Received a gift from Trog
 16747 | Lair:4   | Reached skill level 14 in Polearms
 16750 | Lair:4   | Got a jewelled halberd {god gift}
 16840 | Lair:4   | Identified the +4 halberd "With Two Names" {chop, rElec rF- Int+4 Stlth-} (Trog gifted it to you on level 4 of the Lair of Beasts)
 17872 | Lair:5   | Noticed Snorg
 17896 | Lair:5   | Killed Snorg
 18436 | Lair:6   | Reached XP level 14. HP: 133/133 MP: 13/13
 18997 | Lair:6   | Found a staircase to the Shoals.
 19322 | Lair:7   | Found a runed door.
 19322 | Lair:7   | Found a viscous altar of Jiyva.
 19323 | Lair:7   | Found a staircase to the Slime Pits.
 19364 | Lair:7   | Received a gift from Trog
 19675 | Lair:7   | Reached ****** piety under Trog
 19752 | Lair:7   | Reached skill level 15 in Polearms
 19767 | Lair:7   | Reached skill level 15 in Fighting
 20433 | Lair:7   | Got a slimy amethyst amulet
 20709 | Lair:7   | Identified the amulet "Athefom" {Clar +Inv rN+} (You found it on level 7 of the Lair of Beasts)
 20715 | Lair:7   | Identified a +0 rod of shadows (15/15) (You found it on level 3 of the Dungeon)
 20754 | Lair:7   | Received a gift from Trog
 20834 | Lair:8   | Entered Level 8 of the Lair of Beasts
 20866 | Lair:8   | Reached skill level 15 in Armour
 21441 | Lair:8   | Got a heavily runed chain mail
 21452 | Lair:8   | Identified the +3 chain mail "Geskibog" {MR- Str+6} (You found it on level 8 of the Lair of Beasts)
 23717 | D:10     | Cast into the Abyss (Sonja)
 23718 | Abyss:1  | Found a corrupted altar of Lugonu.
 23773 | Abyss:1  | Reached XP level 15. HP: 143/143 MP: 14/14
 23858 | Abyss:1  | Noticed a tentacled starspawn
 23867 | Abyss:1  | Killed a tentacled starspawn
 23877 | Abyss:1  | Noticed a lich
 23885 | Abyss:1  | Paralysed by something for 5 turns
 23893 | Abyss:1  | Noticed a Brimstone Fiend
 23894 | Abyss:1  | HP: 7/143 [Brimstone Fiend[a lich] (4)]
 23895 | Abyss:1  | Slain by a Brimstone Fiend

Action                   |  1- 3 |  4- 6 |  7- 9 | 10-12 | 13-15 || total
-------------------------+-------+-------+-------+-------+-------++-------
Melee: Spear             |    91 |   183 |   442 |    52 |       ||   768
       Halberd           |       |       |       |   785 |   868 ||  1653
Throw: Tomahawk          |       |       |    30 |    44 |     2 ||    76
       Javelin           |       |       |     6 |    20 |    13 ||    39
Invok: Berserk           |       |     3 |     5 |    14 |    10 ||    32
       Trog's Hand       |       |       |     1 |     3 |       ||     4
       Burn Spellbooks   |       |       |       |     5 |     6 ||    11
       Brothers in Arms  |       |       |       |     3 |       ||     3
 Abil: Evoke Flight      |       |       |       |       |     2 ||     2
  Use: Scroll            |     3 |       |       |    23 |     8 ||    34
       Potion            |       |       |     1 |     4 |     3 ||     8
 Stab: Invisible         |       |       |       |     5 |       ||     5
  Eat: Chunk             |       |     6 |    15 |    24 |    22 ||    67
       Bread ration      |       |       |     1 |     2 |     2 ||     5
       Fruit             |       |       |       |     3 |     2 ||     5
       Beef jerky        |       |       |       |     1 |     2 ||     3
       Pizza             |       |       |       |     2 |     1 ||     3
       Meat ration       |       |       |       |     1 |       ||     1
       Royal jelly       |       |       |       |       |     1 ||     1
